 Dungeon Crawl Stone Soup version 0.18.1-48-g4cf74bf (webtiles) character file.

175 Gargoyl the Skirmisher (level 5, -1/42 HPs)
             Began as a Demonspawn Abyssal Knight on Sept 10, 2016.
             Was a Follower of Lugonu.
             Splashed by a jelly's acid (9 damage)
             ... on level 5 of the Dungeon.
             The game lasted 00:07:52 (3562 turns).

Gargoyl the Skirmisher (Demonspawn Abyssal Knight)  Turns: 3562, Time: 00:07:53

Health: -1/42      AC:  2    Str: 13    XL:     5   Next: 29%
Magic:  16/16      EV:  6    Int: 13    God:    Lugonu [*.....]
Gold:   165        SH:  0    Dex: 13    Spells: 0 memorised, 4 levels left

rFire  . . .     SeeInvis .     a - +2 hand axe
rCold  . . .     Gourm    .     m - +0 chain mail
rNeg   . . .     Faith    .     (no shield)
rPois  .         Spirit   .     (no helmet)
rElec  .         Dismiss  .     (no cloak)
rCorr  .         Reflect  .     B - +2 pair of gloves
SustAt .         Harm     .     (no boots)
MR     .....                    (no amulet)
Stlth  ..........               o - ring of magical power
                                r - -2 ring of protection

@: corroded, not resistant to hostile enchantments, extremely unstealthy
A: iridescent scales 3
a: Depart the Abyss, Renounce Religion


You were on level 5 of the Dungeon.
You worshipped Lugonu.
Lugonu was aware of your devotion.
You were not hungry.

You visited 1 branch of the dungeon, and saw 5 of its levels.
You visited the Abyss 1 time.

You collected 165 gold pieces.

Inventory:

Hand Weapons
 a - a +2 hand axe (weapon)
 v - a +0 spear
Armour
 m - a +0 chain mail (worn)
 B - a +2 pair of gloves (worn)
Jewellery
 e - an uncursed ring of stealth
 o - a ring of magical power (right hand)
 r - a -2 ring of protection (left hand)
Wands
 A - a wand of teleportation (8/9)
Scrolls
 d - 7 scrolls of identify
 h - a scroll of enchant armour
 x - a scroll of enchant weapon
Potions
 g - a potion of ambrosia {unknown}
 i - 2 potions of curing
 j - a potion of flight {unknown}
 k - a potion of berserk rage {unknown}
 n - a potion of degeneration {unknown}
 s - a potion of invisibility {unknown}
 u - a potion of heal wounds {unknown}
 z - a potion of lignification
Comestibles
 c - 3 bread rations
 f - 4 meat rations
 w - 7 chunks of flesh


   Skills:
 + Level 3.9 Fighting
 + Level 2.4 Axes
 * Level 3.3 Armour
 + Level 1.9 Dodging
 + Level 1.0 Stealth
 + Level 2.7 Invocations


You had 4 spell levels left.
You didn't know any spells.

Dungeon Overview and Level Annotations

Branches:
Dungeon (5/15)
 Temple: D:4-7

Altars:
Gozag
The Shining One

Annotations:
D:5 Prince Ribbit


Innate Abilities, Weirdness & Mutations

You are completely covered in iridescent scales (AC +8).


Message History

You hit the jelly but do no damage.
Your hands burn!
The jelly is severely wounded.
The jelly barely misses you.
You hit the jelly.
Your hands burn!
The jelly is almost dead.
The jelly barely misses you.
You hit the jelly but do no damage.
Your hands burn!
The jelly is almost dead.
The jelly barely misses you.
You hit the jelly but do no damage. The acid corrodes you!
Your hands burn!
The jelly is almost dead.
The jelly barely misses you. The jelly hits you.
You are splashed with acid!
The acid burns!
You hit the jelly but do no damage. The acid corrodes you!
Your hands burn!
* * * LOW HITPOINT WARNING * * *
The jelly is almost dead.
The jelly hits you.
* * * LOW HITPOINT WARNING * * *
You are splashed with acid!
The acid burns!
You die...

.....#####.#
####.....(.#.######
#.#######......#
#.# #......# # #.#
#......# # #.#
#......# # #.#
#......# # #.#
###......# # #.#
<.....J@.# # #.#
####.....# #.#
#.......# #.###
#.#.....# ###.#.# #
#<##.## #...#.# ..
#.# #.....# .. ..#
#...#.# ... ...
######.#


You could see a jelly.

Vanquished Creatures
  An orc priest (D:5)
  Ijyb (D:2)
  5 adders
  2 oozes (D:2)
  A worm (D:2)
  2 dart slugs (D:1)
  3 orcs (D:5)
  6 bats
  6 giant cockroaches
  9 goblins
  7 hobgoblins
  2 jackals (D:2)
  2 kobolds
  2 giant newts (D:1)
  5 rats
54 creatures vanquished.

Notes
Turn   | Place    | Note
--------------------------------------------------------------
     0 | Abyss:1  | Gargoyl the Demonspawn Abyssal Knight began the quest for the Orb.
     0 | Abyss:1  | Reached XP level 1. HP: 18/18 MP: 2/2
    23 | Abyss:1  | Found a corrupted altar of Lugonu.
    82 | Abyss:1  | Noticed a small abomination
   131 | Abyss:2  | Noticed an ancient zyme
   137 | D:1      | Escaped the Abyss
   573 | D:1      | Reached * piety under Lugonu
   589 | D:1      | Gained mutation: You are partially covered in iridescent scales (AC +4). [demonic ancestry]
   589 | D:1      | Reached XP level 2. HP: 23/24 MP: 3/3
   646 | D:1      | Reached skill level 1 in Dodging
  1102 | D:2      | Found an opulent altar of Gozag.
  1129 | D:2      | Reached XP level 3. HP: 29/29 MP: 4/4
  1195 | D:2      | Noticed Ijyb
  1212 | D:2      | Killed Ijyb
  1268 | D:2      | Gained mutation: You are mostly covered in iridescent scales (AC +6). [demonic ancestry]
  1268 | D:2      | Reached XP level 4. HP: 36/36 MP: 6/6
  1477 | D:2      | HP: 1/37 [poisoned by an adder]
  2674 | D:3      | Found a glowing golden altar of the Shining One.
  2711 | D:3      | Gained mutation: You are completely covered in iridescent scales (AC +8). [demonic ancestry]
  2711 | D:3      | Reached XP level 5. HP: 42/42 MP: 7/7
  2863 | D:4      | Noticed an ogre
  2889 | D:5      | Entered Level 5 of the Dungeon
  3095 | D:5      | Noticed Prince Ribbit
  3419 | D:5      | Reached skill level 1 in Stealth
  3549 | D:5      | Noticed an ogre
  3550 | D:5      | Noticed a phantom
  3562 | D:5      | Splashed by a jelly's acid

Skill      XL: |  1  2  3  4  5 |
---------------+----------------+-----
Armour         | 2 3 |  3.3
Dodging        | 1 |  1.9
Axes           | 2 |  2.4
Stealth        | 1 |  1.0
Fighting       | |  3.9
Invocations    | |  2.7

Action                   |  1- 3 |  4- 6 || total
-------------------------+-------+-------++-------
Melee: Hand axe          |    88 |   178 ||   266
Invok: Depart the Abyss  |     1 |       ||     1
Evoke: Wand              |       |     1 ||     1
  Use: Potion            |       |     5 ||     5
       Scroll            |       |    12 ||    12
 Stab: Sleeping          |     3 |       ||     3
  Eat: Chunk             |     1 |     5 ||     6
       Bread ration      |       |     1 ||     1
Armor: Leather armour    |    18 |       ||    18
       Chain mail        |    32 |   134 ||   166
       Skin              |       |    24 ||    24
Dodge: Dodged            |    40 |    45 ||    85
